 Dungeon Crawl Stone Soup version 0.19-a0-347-g6bb00b2 (webtiles) character file.

79 Charly the Grave Robber (level 4, 4/27 HPs)
             Began as a Halfling Necromancer on May 29, 2016.
             Quit the game on level 4 of the Dungeon.
             The game lasted 00:10:33 (614 turns).

Charly the Grave Robber (Halfling Necromancer)       Turns: 614, Time: 00:10:34

Health: 4/27       AC:  2    Str: 12    XL:     4   Next: 62%
Magic:  5/6        EV: 15    Int: 15    God:
Gold:   65         SH:  0    Dex: 14    Spells: 3 memorised, 1 level left

rFire  . . .     SeeInvis .     i - +0 trident (venom)
rCold  . . .     Gourm    .     a - +0 robe
rNeg   . . .     Faith    .     (shield currently unavailable)
rPois  .         Spirit   .     (no helmet)
rElec  .         Dismiss  .     (no cloak)
rCorr  .         Reflect  .     (no gloves)
SustAt .         Harm     .     (no boots)
MR     .....                    (no amulet)
Stlth  ++........               (no ring)
                                g - +4 ring of strength

@: lethally poisoned (4 -> -2), not resistant to hostile enchantments,
unstealthy
A: mutation resistance 1
a: no special abilities


You were on level 4 of the Dungeon.
You were not hungry.

You visited 1 branch of the dungeon, and saw 4 of its levels.

You collected 65 gold pieces.

Inventory:

Hand Weapons
 i - a +0 trident of venom (weapon)
Armour
 a - a +0 robe (worn)
Jewellery
 g - a +4 ring of strength (left hand)
Wands
 p - a wand of acid (5/15)
Scrolls
 e - a scroll of amnesia {unknown}
 f - a scroll of random uselessness {unknown}
 j - 2 scrolls of blinking {unknown}
 k - 3 scrolls of remove curse {unknown}
 m - a scroll of immolation {unknown}
 q - a scroll of teleportation {unknown}
Potions
 d - 2 potions of curing {unknown}
 l - a potion of flight {unknown}
 n - a potion of heal wounds {unknown}
 o - a potion of invisibility {unknown}
Books
 b - a book of Necromancy

   Spells                             Type                      Level
   a - Pain                           Necromancy                   1
   b - Animate Skeleton               Necromancy                   1
   c - Vampiric Draining              Necromancy                   3
   d - Regeneration                   Charms/Necromancy            3
   e - Animate Dead                   Necromancy                   4
   f - Control Undead                 Necromancy                   4
Comestibles
 c - 3 bread rations
 h - a meat ration


   Skills:
 - Level 2.1 Dodging
 - Level 2.1 Stealth
 - Level 1.5 Spellcasting
 + Level 2.5 Charms
 - Level 4.2 Necromancy


You had one spell level left.
You knew the following spells:

 Your Spells              Type           Power        Failure   Level  Hunger
a - Animate Skeleton      Necr           N/A          4%          1    ##.....
p - Pain                  Necr           ##..         4%          1    ##.....
r - Regeneration          Chrm/Necr      ##........   21%         3    ####...


Dungeon Overview and Level Annotations

Branches:
Dungeon (4/15)
 Temple: D:4-7

Altars:
Ashenzari
Dithmenos
Xom

Annotations:
D:4 Sigmund


Innate Abilities, Weirdness & Mutations

You are small and have problems with some larger weapons.
You are somewhat resistant to further mutation.


Message History

Aim: an orc, wielding a flail You reach to attack!
You completely miss the orc.
The orc moves out of view.
The orc closely misses you.
The orc moves out of view.
You barely miss the orc.
The orc shouts!
The orc hits you with a flail.
A worker ant comes into view.
The worker ant twitches its antennae in your direction.
The orc shouts!
You puncture the orc!
You kill the orc!
You closely miss the worker ant. The worker ant bites you!
The worker ant bites you.
An orc comes into view. It is wielding a flail.
You completely miss the worker ant. The worker ant bites you!
* * * LOW HITPOINT WARNING * * *
You are lethally poisoned!
The worker ant poisons you!
Unknown command.
Are you sure you want to abandon this character and quit the game? (Confirm with "yes".)

.# #.# #.### # .# #.#
#.### #. .#
#####.########....
###.###.#
#.................
......#.#
#.###.#######.....
###.#.#.# #.###.###.#
##...). #.#.#.#
#.........# #......
#...<.# #####.#####
##..... ###...# #@#
##.... ####...#### #a#
#.###
#.........#$...o....#
#.#
##.........#.###o###.#
#+# ...........# #o.
#...# #####...#### #o#
#.....# # #...# #o.
#....... # ...... #.#
#........ + .......
... +........


You could see a worker ant and 5 orcs.

Vanquished Creatures
  2 worker ants (D:4)
  An adder (D:4)
  A dart slug (D:4)
  A giant gecko (D:4)
  An orc (D:4)
  A giant cockroach (D:4)
  2 hobgoblins
  2 quokkas
  4 bats
  2 giant newts
  A kobold (D:1)
  A rat (D:1)
19 creatures vanquished.

Notes
Turn   | Place    | Note
--------------------------------------------------------------
     0 | D:1      | Charly the Halfling Necromancer began the quest for the Orb.
     0 | D:1      | Reached XP level 1. HP: 11/11 MP: 3/3
   227 | D:2      | Found a shadowy altar of Dithmenos.
   228 | D:2      | Found a shimmering altar of Xom.
   237 | D:2      | Reached XP level 2. HP: 9/17 MP: 1/4
   412 | D:4      | Noticed Sigmund
   443 | D:4      | Reached skill level 4 in Necromancy
   443 | D:4      | Reached XP level 3. HP: 12/21 MP: 0/5
   448 | D:4      | Learned a level 3 spell: Regeneration
   450 | D:4      | Learned a level 1 spell: Animate Skeleton
   452 | D:4      | Found a shattered altar of Ashenzari.
   480 | D:4      | Reached skill level 1 in Charms
   516 | D:4      | Noticed an ogre
   525 | D:4      | Reached XP level 4. HP: 17/27 MP: 1/6
   614 | D:4      | Quit the game

Vault maps used:
D:1:      dpeg_arrival_simpleton_b, minmay_misc_feat_room
D:2:      gammafunk_temple_overflow_statue
D:4:      kennysheep_mini, zin_statuary, first_bread, uniq_sigmund

Skill      XL: |  1  2  3  4 |
---------------+-------------+-----
Necromancy     | 4 |  4.2
Charms         | 1 2 |  2.5
Dodging        | |  2.1
Stealth        | |  2.1
Spellcasting   | |  1.5

Action                   |  1- 3 |  4- 6 || total
-------------------------+-------+-------++-------
Melee: Unarmed           |    13 |       ||    13
       Trident           |     9 |    12 ||    21
 Cast: Pain              |    24 |     2 ||    26
       Regeneration      |     1 |     1 ||     2
 Stab: Sleeping          |       |     1 ||     1
  Eat: Royal jelly       |     1 |       ||     1
Armor: Robe              |    10 |     1 ||    11
Dodge: Dodged            |    23 |     5 ||    28
